 Dungeon Crawl Stone Soup version 0.16-a0-3641-g71d4c1b (webtiles) character file.

3486 VortexMagus the Covert (level 9, 0/44 HPs)
             Began as a Spriggan Enchanter on Apr 3, 2015.
             Was an Initiate of Gozag.
             Succumbed to a killer bee's poison
             ... on level 8 of the Dungeon.
             The game lasted 00:21:01 (9682 turns).

VortexMagus the Covert (Spriggan Enchanter)         Turns: 9682, Time: 00:21:01

Health: 0/44       AC:  5    Str:  4    XL:     9   Next: 79%
Magic:  30/32      EV: 22    Int: 17    God:    Gozag
Gold:   283        SH:  0    Dex: 19    Spells: 2 memorised, 9 levels left

rFire  . . .     SeeInvis +     E - +2 dagger (elec) (curse)
rCold  . . .     Clarity  .     x - +2 robe {rN+}
rNeg   + . .     SustAb   .     (shield restricted)
rPois  .         Gourm    .     (helmet restricted)
rElec  .         Spirit   .     i - +0 cloak
rCorr  .         Warding  .     (gloves unavailable)
rMut   .         Stasis   .     (boots unavailable)
MR     +....                    p - amulet of rage (curse)
Stlth  +++++++...               (no ring)
                                D - ring of magical power (curse)

@: lethally poisoned, very quick, somewhat resistant to hostile enchantments,
extremely stealthy
A: unfitting armour, talons 1, see invisible, herbivore 3, speed 3, slow
metabolism 2
a: Potion Petition, Call Merchant, Bribe Branch, Renounce Religion, Evoke
Berserk Rage


You were on level 8 of the Dungeon.
You worshipped Gozag.
Gozag was noncommittal.
You were full.

You visited 2 branches of the dungeon, and saw 9 of its levels.
You also visited: Ossuary.

You collected 499 gold pieces.
You paid 216 gold pieces to Gozag.

Inventory:

Hand weapons
 v - a +2 dagger of holy wrath
 E - a cursed +2 dagger of electrocution (weapon)
Missiles
 k - 24 stones (quivered)
 H - 7 needles of sleeping
Armour
 i - a +0 cloak (worn)
 x - a +2 robe of positive energy (worn)
Jewellery
 p - a cursed amulet of rage (around neck)
 D - a cursed ring of magical power (left hand)
Magical devices
 m - a wand of enslavement (5)
Scrolls
 j - 2 scrolls of immolation {unknown}
 l - a scroll of recharging
 o - 3 scrolls of amnesia
 q - 5 scrolls of identify
 s - a scroll of fear
 J - 6 scrolls of remove curse
Potions
 a - 2 potions of magic
 b - 2 potions of brilliance
 e - 4 potions of agility
 f - a potion of mutation
 g - 3 potions of curing
 n - a potion of haste
 t - a potion of might
 z - a potion of ambrosia
 C - a potion of restore abilities
 F - a potion of heal wounds
Books
 c - a book of Maledictions

   Spells                             Type                      Level
   a - Corona                         Hexes                        1
   b - Sure Blade                     Hexes/Charms                 2
   c - Ensorcelled Hibernation        Hexes/Ice                    2
   d - Confuse                        Hexes                        3
   e - Dazzling Spray                 Conjuration/Hexes            3
   f - Enslavement                    Hexes                        4
 I - a book of Hinderance

   Spells                             Type                      Level
   a - Confusing Touch                Hexes                        2
   b - Confuse                        Hexes                        3
   c - Petrify                        Transmutation/Earth          4
   d - Metabolic Englaciation         Hexes/Ice                    5
   e - Summon Mana Viper              Hexes/Summoning              5
   f - Gell's Gravitas                Hexes/Translocation          6
Comestibles
 d - 2 bread rations
 h - 6 fruits


   Skills:
 + Level 3.3 Fighting
 + Level 6.3 Short Blades
 + Level 6.0 Dodging
 * Level 13.5 Stealth
 - Level 3.0 Spellcasting
 + Level 7.0 Hexes
 - Level 2.0 Ice Magic
 + Level 6.4 Evocations


You had 9 spell levels left.
You knew the following spells:

 Your Spells              Type           Power        Failure   Level  Hunger
b - Ensorcelled Hibernat  Hex/Ice        ###...       4%          2    ##.....
c - Confuse               Hex            ####....     3%          3    ###....


Dungeon Overview and Level Annotations

Branches:
Dungeon (8/15)             Temple (1/1) D:7
   Lair: D:8-11

Altars:
Ashenzari
Cheibriados
Dithmenos
Elyvilon
Fedhas
Gozag
Kikubaaqudgha
Makhleb
Nemelex Xobeh
Okawaru
Pakellas
Qazlal
Ru
Sif Muna
Vehumet
Xom
Zin
The Shining One

Shops:
D:3 *


Innate Abilities, Weirdness & Mutations

You are tiny and cannot use many weapons and most armour.
You have supernaturally acute eyesight.
You are a herbivore.
You cover ground extremely quickly.
You need consume almost no food.
You have sharp toenails.


Message History

The killer bee stings you but does no damage.
The killer bee stings you!
* * * LOW HITPOINT WARNING * * *
You are more poisoned.
The killer bee poisons you! The killer bee closely misses you.
Casting: Ensorcelled Hibernation
Confirm with . or Enter, or press ? or * to list all spells.
Aiming: Ensorcelled Hibernation
Press: ? - help, Shift-Dir - straight line, f - killer bee
Aim: a killer bee (heavily wounded, chance 58%)
The killer bee looks drowsy...
* * * LOW HITPOINT WARNING * * *
You feel sick. The killer bee stings you!
* * * LOW HITPOINT WARNING * * *
The killer bee completely misses you.
The helpless killer bee fails to defend itself.
You spit the killer bee like a pig!!!!
There is a sudden explosion of sparks!
You kill the killer bee!
You die...
Your body crumbles into a pile of gold.

+# .# #.# ##.##
...## ?...#
########y..#
#.....$@#.######
.......#.#.#......
#.###.......#
###.#.### #.#.#
#.#.# ..#.# ###
###.# ##.##
#.###...##


You could see a killer bee.

Vanquished Creatures
  Grinder (D:6)
  A hungry ghost (D:4)
  The ghost of mdk the Sneak, an average KoAs (D:3)
  A wasp (D:7)
  3 phantoms (D:6)
  A black bear (D:6)
  An orc warrior (D:7)
  3 ice beasts
  2 ogres
  2 centaurs
  An elf zombie (Ossuary)
  Blork the orc (D:5)
  A gnoll sergeant (D:6)
  5 wights (D:7)
  8 killer bees (D:8)
  3 crimson imps
  2 hounds (D:4)
  A quasit (D:6)
  A centaur zombie (D:8)
  5 orc priests
  2 human zombies (Ossuary)
  An iguana (D:7)
  A giant frog skeleton (D:6)
  10 worker ants
  4 orc wizards
  Jessica (D:3)
  3 mummies (Ossuary)
  A worker ant zombie (D:6)
  4 gnolls (D:6)
  6 adders
  A shadow imp (D:7)
  A giant mite (D:7)
  3 worms (D:3)
  An adder zombie (Ossuary)
  4 giant geckos
  23 orcs
  2 ball pythons
  A bat zombie (D:5)
  4 giant cockroaches
  A gnoll zombie (Ossuary)
  17 hobgoblins
  8 jackals
  2 quokkas
  10 bats
  6 giant newts
  A giant spore (D:7)
  8 goblins
  5 goblin zombies (Ossuary)
  2 hobgoblin zombies (Ossuary)
  A jackal skeleton (D:4)
  13 kobolds
  A kobold zombie (Ossuary)
  A quokka zombie (Ossuary)
  5 rats
  4 rat zombies (Ossuary)
  A ballistomycete (D:7)
203 creatures vanquished.

Vanquished Creatures (collateral kills)
  A gnoll (D:6)
1 creature vanquished.

Grand Total: 204 creatures vanquished

Notes
Turn   | Place    | Note
--------------------------------------------------------------
     0 | D:1      | VortexMagus, the Spriggan Enchanter, began the quest for the Orb.
     0 | D:1      | Reached XP level 1. HP: 9/9 MP: 4/4
   500 | D:1      | Reached XP level 2. HP: 11/13 MP: 7/7
   598 | D:1      | Learned a level 2 spell: Ensorcelled Hibernation
  1128 | D:2      | Reached XP level 3. HP: 14/16 MP: 10/10
  1515 | D:2      | Reached skill level 5 in Stealth
  1524 | D:2      | Found a radiant altar of Vehumet.
  1525 | D:2      | Found a glowing golden altar of the Shining One.
  1525 | D:2      | Found an iron altar of Okawaru.
  1532 | D:2      | Found a shattered altar of Ashenzari.
  1885 | D:3      | Noticed Jessica
  1888 | D:3      | Killed Jessica
  1895 | D:3      | Reached XP level 4. HP: 21/21 MP: 2/13
  2068 | D:3      | Reached skill level 6 in Stealth
  2068 | D:3      | Reached skill level 1 in Ice Magic
  2097 | D:3      | Reached XP level 5. HP: 21/24 MP: 4/16
  2456 | D:3      | Found Gozag's Nutrition Petition.
  2457 | D:3      | Noticed mdk's ghost (average KoAs)
  2459 | D:3      | Found an opulent altar of Gozag.
  2523 | D:3      | Killed mdk's ghost
  2523 | D:3      | Reached skill level 7 in Stealth
  2523 | D:3      | Reached XP level 6. HP: 3/28 MP: 18/18
  2789 | D:3      | Learned a level 3 spell: Confuse
  3335 | D:4      | Reached skill level 8 in Stealth
  3668 | D:4      | Reached skill level 9 in Stealth
  3668 | D:4      | Reached XP level 7. HP: 28/32 MP: 17/20
  3843 | D:4      | Found a white marble altar of Elyvilon.
  3989 | D:4      | Noticed a hungry ghost
  4012 | D:4      | Killed a hungry ghost
  4012 | D:4      | Reached skill level 1 in Evocations
  4034 | D:5      | Entered Level 5 of the Dungeon
  4140 | D:5      | Reached skill level 10 in Stealth
  4157 | D:5      | Reached skill level 5 in Hexes
  4969 | D:5      | Reached XP level 8. HP: 36/36 MP: 21/21
  5306 | D:5      | Noticed Blork the orc
  5311 | D:5      | Killed Blork the orc
  5418 | D:6      | Reached skill level 5 in Short Blades
  5577 | D:6      | Found a burning altar of Makhleb.
  5625 | D:6      | Reached skill level 1 in Fighting
  5638 | D:6      | Reached skill level 11 in Stealth
  5743 | D:6      | Found a deep blue altar of Sif Muna.
  5753 | D:6      | Found a glowing silver altar of Zin.
  5766 | D:6      | Found a sacrificial altar of Ru.
  5782 | D:6      | Noticed Grinder
  5796 | D:6      | Killed Grinder
  6076 | D:6      | Found a shimmering altar of Xom.
  6087 | D:6      | Reached skill level 12 in Stealth
  6098 | D:6      | Reached XP level 9. HP: 42/42 MP: 22/22
  6306 | D:6      | Reached skill level 5 in Dodging
  6409 | D:6      | Reached skill level 5 in Evocations
  6709 | D:7      | Found a snail-covered altar of Cheibriados.
  6979 | D:7      | Found a sand-covered staircase.
  6987 | Ossuary  | Entered an ossuary
  7460 | D:7      | Found a staircase to the Ecumenical Temple.
  7491 | D:7      | Reached skill level 13 in Stealth
  7867 | D:7      | Gained mutation: You are resistant to hostile enchantments. [potion of mutation]
  7867 | D:7      | Gained mutation: Armour fits poorly on your strangely shaped body. [potion of mutation]
  7867 | D:7      | Gained mutation: You have a pair of small horns on your head. [potion of mutation]
  7869 | D:7      | Lost mutation: Armour fits poorly on your strangely shaped body. [potion of cure mutation]
  7869 | D:7      | Lost mutation: You are resistant to hostile enchantments. [potion of cure mutation]
  7869 | D:7      | Lost mutation: You have a pair of small horns on your head. [potion of cure mutation]
  7874 | D:7      | Gained mutation: You have sharp toenails. [potion of beneficial mutation]
  8956 | D:8      | Found an oddly glowing altar of Pakellas.
  9072 | Temple   | Entered the Ecumenical Temple
  9355 | D:3      | Became a worshipper of Gozag Ym Sagoz the Greedy
  9610 | D:8      | Found a stormy altar of Qazlal.
  9681 | D:8      | HP: 1/44 [killer bee (9)]
  9682 | D:8      | Succumbed to a killer bee's poison

Action                   |  1- 3 |  4- 6 |  7- 9 || total
-------------------------+-------+-------+-------++-------
Melee: Dagger            |   130 |    82 |   272 ||   484
       Short sword       |       |    64 |    57 ||   121
Throw: Stone             |    10 |       |       ||    10
 Cast: Corona            |     4 |       |       ||     4
       Ensorcelled Hiber |    20 |    23 |    34 ||    77
       Confuse           |       |       |    16 ||    16
  Use: Scroll            |     2 |     6 |     7 ||    15
       Potion            |       |       |    17 ||    17
 Stab: Sleeping          |    21 |    24 |    58 ||   103
       Distracted        |       |     1 |       ||     1
       Confused          |       |       |     9 ||     9
  Eat: Bread ration      |       |     1 |     2 ||     3
